 Dungeon Crawl Stone Soup version 0.29-a0-82-g837932c90e (webtiles) character file.

Game seed: 13630283356034242724

238 lordive the Magician (level 6, -5/40 HPs)
             Began as a Djinni Conjurer on Feb 4, 2022.
             Slain by an ogre (16 damage)
             ... on level 4 of the Dungeon.
             The game lasted 00:08:23 (2898 turns).

lordive the Magician (Djinni Conjurer)              Turns: 2898, Time: 00:08:24

Health: -5/40      AC:  7    Str: 14    XL:     6   Next: 28%
Gold:   222        EV: 12    Int: 24    God:
                   SH:  0    Dex: 15

rFire   + + .      SeeInvis .   (no weapon)
rCold   x . .      Faith    .   (no shield)
rNeg    . . .      Spirit   .   k - +1 leather armour of Lugonu's Felicitations {*Corrode Str+8 Int+3 Dex+3}
rPois   ∞          Reflect  .   (no helmet)
rElec   .          Harm     .   (no cloak)
rCorr   .          Rampage  .   n - +2 pair of gloves {Stlth+}
Will    .....                   (boots unavailable)
Stlth   +++.......              b - amulet of regeneration
HPRegen 0.93/turn               (no ring)
MPRegen 0.00/turn               (no ring)

@: flying
A: sickness immunity, fire resistance 2, cold vulnerability 1, float, innate
caster, HP casting, extra vitality 1
a: no special abilities


You were on level 4 of the Dungeon.
You visited 1 branch of the dungeon, and saw 4 of its levels.

You collected 222 gold pieces.

Inventory:

Armour
 a - a +0 robe
 k - the +1 leather armour of Lugonu's Felicitations (worn) {*Corrode Str+8 Int+3 Dex+3}
   (You found it on level 3 of the Dungeon)

   Str:       It affects your strength (+8).
   Int:       It affects your intelligence (+3).
   Dex:       It affects your dexterity (+3).
   *Corrode:  It may corrode you when you take damage.
 n - a +2 pair of gloves of stealth (worn)
Jewellery
 b - an amulet of regeneration (around neck)
Wands
 i - a wand of polymorph (1)
 l - a wand of flame (22)
Scrolls
 d - a scroll of holy word {unknown}
 f - 3 scrolls of identify {unknown}
 g - a scroll of teleportation {unknown}
 j - a scroll of blinking {unknown}
 m - a scroll of amnesia {unknown}
 p - a scroll of enchant weapon {unknown}
Potions
 c - a potion of invisibility {unknown}
 e - 2 potions of flight {unknown}
 h - a potion of mutation {unknown}
 o - a potion of brilliance {unknown}
 q - a potion of curing {unknown}


   Skills:
 + Level 0.5 Armour
 + Level 2.3 Dodging
 + Level 2.1 Stealth
 + Level 5.3 Spellcasting


You couldn't memorise any spells.
You knew the following spells:

 Your Spells              Type           Power      Damage    Failure   Level
a - Magic Dart            Conj           100%       1d8       1%          1
b - Searing Ray           Conj           62%        2d6       1%          2
c - Dazzling Flash        Conj/Hex       62%        N/A       3%          3
d - Fulminant Prism       Conj/Hex       15%        3d11      12%         4
e - Iskenderun's Mystic   Conj/Tloc      31%        2d8       12%         4
f - Animate Skeleton      Necr           62%        N/A       1%          1
g - Static Discharge      Conj/Air       31%        N/A       1%          2
Your spell library was empty.

Dungeon Overview and Level Annotations

Branches:
Dungeon (4/15)
 Temple: D:4-7

Altars:
Kikubaaqudgha
Vehumet
Wu Jian
Yredelemnul

Shops:
D:1 [


Innate Abilities, Weirdness & Mutations

You are immune to sickness and miasma.
You are immune to poison.
Your flesh is very heat resistant. (rF++)
You are vulnerable to cold. (rC-)
You float through the air rather than walking.
You learn spells naturally, not from books.
Your magical power is your life essence.
You have superior vitality. (+4 MHP)


Message History

The magic dart hits the orc.
You kill the orc!
The orc shouts!
The magic dart hits the orc.
The orc is almost dead.
The magic dart hits the orc.
You kill the orc!
The ogre shouts!
The magic dart hits the orc.
The orc is heavily wounded.
The magic dart hits the orc.
You kill the orc!
The magic dart hits the ogre but does no damage.
The magic dart hits the ogre.
The ogre is lightly wounded.
The magic dart hits the ogre but does no damage.
The ogre is lightly wounded.
The magic dart hits the ogre.
The ogre is moderately wounded.
The ogre hits you with a +0 giant club!
Casting: Magic Dart (safe; 1% risk of failure)
Confirm with . or Enter, or press ? or * to list all spells.
Aiming: Searing Ray (safe; 1% risk of failure)
Press: ? - help, Shift-Dir - straight line, f/p - ogre
Aim: an ogre, wielding a +0 giant club (moderately wounded, 90% to hit)
The searing ray hits the ogre!
The ogre is heavily wounded. (Press . to maintain the ray.) Unknown command.
The searing ray misses the ogre.
The ogre closely misses you.
The searing ray hits the ogre!
The ogre is severely wounded.
The ogre hits you with a +0 giant club!
* * * LOW HITPOINT WARNING * * *
The searing ray hits the ogre!
The ogre is almost dead.
* * * LOW HITPOINT WARNING * * *
You finish channelling your searing ray.
The ogre hits you with a +0 giant club!
You die...

#........ #..
.......#.##.#......
#..##...#....##........
#......................
#..[.......#...........
.#..........#.##.#.....#
.......................#
##.#..#..........#.##........
##.....).)))O@......##........
##.O................###........
........?.##.##..#.............
#...........................>#.
........o.####.##..............
..........# #. #...........###
......o<..# #. #..#.....).##
..........# #. #..........#
.....?....# #....#........#


You could see an ogre.

Vanquished Creatures
  A scorpion (D:4)
  6 gnolls
  2 adders
  An adder skeleton (D:4)
  A worm (D:3)
  2 dart slugs
  5 orcs
  7 ball pythons
  6 bats
  6 endoplasms
  14 giant cockroaches
  8 goblins
  2 hobgoblins (D:2)
  7 jackals
  3 quokkas
  3 frilled lizards (D:1)
  3 kobolds
  6 rats
83 creatures vanquished.

Notes
Turn   | Place    | Note
-------+----------+-------------------------------------------
     0 | D:1      | lordive the Djinni Conjurer began the quest for the Orb.
     0 | D:1      | Reached XP level 1. HP: 15/15 MP: 0/0
     3 | D:1      | Found Ymomn's Armour Emporium.
   189 | D:1      | Reached XP level 2. HP: 11/21 MP: 0/0
   901 | D:2      | Reached XP level 3. HP: 24/25 MP: 0/0
   901 | D:2      | Learned a level 1 spell: Animate Skeleton
   925 | D:2      | Reached skill level 4 in Spellcasting
  1089 | D:2      | Reached XP level 4. HP: 27/31 MP: 0/0
  1230 | D:2      | Found a basalt altar of Yredelemnul.
  1731 | D:3      | Reached XP level 5. HP: 35/35 MP: 0/0
  1731 | D:3      | Learned a level 2 spell: Static Discharge
  1748 | D:3      | Found an ornate altar of the Wu Jian Council.
  1847 | D:3      | Identified the +1 leather armour of Lugonu's Felicitations
                  | {*Corrode Str+8 Int+3 Dex+3}
  2346 | D:4      | Reached skill level 5 in Spellcasting
  2457 | D:4      | Reached XP level 6. HP: 38/40 MP: 0/0
  2735 | D:4      | Noticed an ogre
  2898 | D:4      | Slain by an ogre

Illustrated notes

Levels and vault maps discovered:
D:1:      minmay_arrival_up_and_down, layout_loops_ring, serial_shops,
          nicolae_shop_trees, minmay_crystal_room, amethyst_killhole
D:2:      layout_basic, basic_altar, minmay_misc_feat_rugged,
          hangedman_abyss_or_decor_stabs
D:3:      minmay_roachtagon, layout_basic, vehumet_altar_wand_db,
          mainiacjoe_overflow_catwalk, moated_statue
D:4:      layout_rooms, nemelex_diamond_rough_becter,
          mainiacjoe_overflow_24_doors

Skill      XL: |  1  2  3  4  5 |
---------------+----------------+-----
Spellcasting   | 4 5 |  5.3
Stealth        | 2 |  2.1
Armour         | |  0.5
Dodging        | |  2.3

Action                   |  1- 3 |  4- 6 || total
-------------------------+-------+-------++-------
 Cast: Magic Dart        |    52 |   116 ||   168
       Searing Ray       |     4 |     7 ||    11
Armor: Robe              |     1 |     4 ||     5
       Leather armour    |       |     1 ||     1
Dodge: Dodged            |     4 |     9 ||    13

Table legend: (Time is in decaauts)
 A = Elapsed time spent in this place.
 B = Non-inter-level travel time spent in this place.
 C = Inter-level travel time spent in this place.
 D = Time resting spent in this place.
 E = Time spent auto-exploring this place.
 F = Levels seen in this place.
 G = Mean time per level.
                   A        B        C        D        E       F      G
               +--------+--------+--------+--------+--------+-----+--------+
         Total |   2901 |   2665 |    236 |      0 |   2279 |   4 |  725.2 |
       Dungeon |   2901 |   2665 |    236 |      0 |   2279 |   4 |  725.2 |
               +--------+--------+--------+--------+--------+-----+--------+

Top non-repeatable levels by time:
     D:3: 926 daAuts
     D:1: 901 daAuts
     D:2: 745 daAuts
     D:4: 327 daAuts
